 Dungeon Crawl Stone Soup version 0.29.1-1-gd02db6906a (webtiles) character file.

Game seed: 1245141726122083668

1103 Icepheonix32 the Insei (level 8, 0/67 (76) HPs)
             Began as a Merfolk Transmuter on Oct 5, 2022.
             Was an Initiate of Sif Muna.
             Slain by a wight
             ... wielding a +4 spear of freezing
              (7 damage)
             ... on level 6 of the Dungeon.
             The game lasted 00:10:01 (7426 turns).

Icepheonix32 the Insei (Merfolk Transmuter)         Turns: 7426, Time: 00:10:01

HP:   0/67 (76)     AC: 24    Str: 11    XL:     8   Next: 32%
MP:   14/14         EV:  2    Int: 14    God:    Sif Muna [......]
Gold: 337           SH:  0    Dex: 14    Spells: 9/15 levels left

rFire   . . .      SeeInvis .     - Unarmed
rCold   . . .      Faith    .   (no shield)
rNeg    + . .      Spirit   .   (body armour currently unavailable)
rPois   +          Reflect  .   (helmet currently unavailable)
rElec   .          Harm     .   (cloak currently unavailable)
rCorr   .          Rampage  .   (gloves currently unavailable)
Will    .....      NoTele   +   (boots currently unavailable)
Stlth   +.........              (no amulet)
HPRegen 0.21/turn               h - ring of positive energy
MPRegen 0.14/turn               u - +4 ring of evasion

@: confused, tree-form (expiring), ambrosia-drunk, wereblooded, heavily drained,
invisible
A: stationary, stasis, torment immunity, boosted hp, (nimble swimmer 2),
(mertail), frail 1, (poison resistance)
a: Renounce Religion


You were on level 6 of the Dungeon.
You worshipped Sif Muna.
Sif Muna was noncommittal.
You were a tree.
You visited 2 branches of the dungeon, and saw 7 of its levels.
You also visited: Sewer.

You collected 337 gold pieces.

Inventory:

Hand Weapons
 l - a +0 short sword of draining
Armour
 a - a +1 robe (melded)
 c - a +0 pair of boots (melded)
 f - a +0 helmet (melded)
Magical Staves
 s - a staff of fire
Jewellery
 e - a ring of fire
 h - a ring of positive energy (left branch)
 u - a +4 ring of evasion (right branch)
Wands
 j - a wand of light (14)
 o - a wand of flame (13)
Scrolls
 g - 2 scrolls of teleportation
 i - a scroll of fear
 t - 2 scrolls of blinking
Potions
 b - a potion of lignification
 d - 4 potions of mutation
 m - a potion of invisibility
 p - a potion of berserk rage {unknown}
 q - a potion of might {unknown}
 r - a potion of ambrosia
 v - a potion of magic {unknown}
 x - a potion of brilliance {unknown}


   Skills:
 + Level 2.4 Fighting
 + Level 5.3 Dodging
 - Level 2.1 Stealth
 + Level 6.6 Unarmed Combat
 + Level 4.0 Spellcasting
 * Level 5.5 Transmutations
 * Level 3.5 Poison Magic


You had 9 spell levels left.
You knew the following spells:

 Your Spells              Type           Power      Damage    Failure   Level
a - Beastly Appendage     Tmut           36%        N/A       1%          1
b - Wereblood             Tmut           18%        N/A       3%          2
c - Spider Form           Tmut/Pois      15%        N/A       9%          3

Your spell library contained the following spells:

 Spells                   Type           Power      Damage    Failure   Level
 Necrotise                Necr           8%         1d4       19%         1
 Dazzling Flash           Conj/Hex       4%         N/A       50%         3
 Vampiric Draining        Necr           2%         2d6       50%         3
 Ice Form                 Ice/Tmut       10%        N/A       52%         4
 Iskenderun's Mystic Bla  Conj/Tloc      2%         2d3       88%         4
 Agony                    Necr           2%         N/A       99%         5
 Starburst                Conj/Fire      1%         6d3       100%        6


Dungeon Overview and Level Annotations

Branches:
Dungeon (6/15)             Temple (1/1) D:5           Sewer (visited)

Altars:
Ashenzari
Fedhas
Nemelex Xobeh
Ru
Sif Muna
Trog
Uskayaw
Vehumet
The Shining One

Portals:
Ossuary: D:6


Innate Abilities, Weirdness & Mutations

You are a tree.
Your roots penetrate the ground, keeping you stationary.
You cannot be teleported.
You are immune to unholy pain and torment.
Your maximum health is greatly increased.
Your equipment is partially melded.
((You are very nimble when in or above water. (Stealth+, EV+, Speed+++)))
((Your lower body shifts to a powerful aquatic tail in water.))
You are frail. (-10% HP)
((Your system is resistant to poisons. (rPois)))


Message History

You fade into invisibility!
You creak as the wereblood boils in your veins!
The wight hits you from afar with a +4 spear of freezing!
* * * LOW HITPOINT WARNING * * *
You partially resist.
You feel drained.
* * * LOW HITPOINT WARNING * * *
The wight freezes you.
* * * LOW HITPOINT WARNING * * *
The wight hits you but does no damage.
You feel better. The wight hits you but does no damage.
The wight barely misses you.
The iguana bites you but does no damage.
You smack the iguana!
The iguana is heavily wounded.
You catch the helpless iguana completely off-guard!
You smack the iguana!
You feel a bit better.
You kill the iguana!
Sif Muna accepts your kill.
The wight hits you from afar with a +4 spear of freezing.
* * * LOW HITPOINT WARNING * * *
You partially resist.
You feel drained. The wight freezes you.
* * * LOW HITPOINT WARNING * * *
The wight hits you but does no damage.
Aiming: Bolt of Light
Press: ? - help, Shift-Dir - straight line, f/p - wight
Aim: a wight, wielding a +4 spear and wearing a +0 robe (almost destroyed, blind, 71% to hit)
The bolt of light hits the wight!
You destroy the wight!
Sif Muna accepts your kill.
The wight hits you from afar with a +4 spear of freezing.
* * * LOW HITPOINT WARNING * * *
You partially resist.
You feel drained.
* * * LOW HITPOINT WARNING * * *
The wight freezes you.
* * * LOW HITPOINT WARNING * * *
Your Spellcasting skill increases to level 4!
You are confused.
You feel invigorated.
The wight hits you from afar with a +4 spear of freezing!
You die...

#.# .∩ ..# ...
#.###.. #?#...
#.#[###
#.#######.....
#..[†♣)z#.#.#
#######)..<.#
###........#
##########


You could see a wight (blind).

Vanquished Creatures
  A water moccasin (D:4)
  A black bear (D:4)
  A phantom (D:5)
  2 bullfrogs (Sewer)
  A necrophage (D:4)
  A scorpion (D:5)
  2 wights (D:6)
  2 jellies
  3 howler monkeys
  2 iguanas (D:6)
  12 adders
  A river rat (D:4)
  A white imp (D:5)
  An ufetubus (D:5)
  4 worms
  A dart slug (D:1)
  An orc (D:5)
  10 endoplasms
  12 giant cockroaches
  4 goblins
  8 hobgoblins
  9 jackals
  6 kobolds
  6 quokkas
  17 ball pythons
  2 bats (D:1)
  12 frilled lizards
  6 rats
129 creatures vanquished.

Notes
Turn   | Place    | Note
-------+----------+-------------------------------------------
     0 | D:1      | Icepheonix32 the Merfolk Transmuter began the quest for the
                  | Orb.
     0 | D:1      | Reached XP level 1. HP: 15/15 MP: 3/3
   625 | D:1      | Reached XP level 2. HP: 17/21 MP: 3/5
  1104 | D:1      | Reached skill level 1 in Stealth
  1279 | D:1      | Reached XP level 3. HP: 15/26 MP: 6/6
  1688 | D:2      | Reached skill level 4 in Unarmed Combat
  2138 | D:2      | Reached XP level 4. HP: 6/32 MP: 5/7
  2724 | D:2      | Found a broken altar of Ashenzari.
  3431 | D:2      | Found a faded altar of an unknown god.
  3974 | D:3      | Identified the +1 ring mail of Wissah {+Blink rF+}
  4529 | D:4      | Noticed a necrophage
  4549 | D:4      | Killed a necrophage
  4550 | D:4      | Reached skill level 5 in Unarmed Combat
  4550 | D:4      | Reached XP level 5. HP: 27/37 MP: 7/9
  4591 | D:4      | You fall into a shaft and drop 1 floor!
  4591 | D:5      | Entered Level 5 of the Dungeon
  4715 | D:4      | Noticed a water moccasin
  4729 | D:4      | Learned a level 2 spell: Wereblood
  4733 | D:4      | Learned a level 3 spell: Spider Form
  4766 | D:4      | Killed a water moccasin
  4767 | D:4      | Reached skill level 1 in Poison Magic
  4767 | D:4      | Reached XP level 6. HP: 19/43 MP: 0/10
  4938 | D:4      | HP: 2/43 [acid (8)]
  4997 | D:4      | Found a glowing drain.
  5057 | Sewer    | Entered a sewer
  5449 | Sewer    | Reached XP level 7. HP: 49/49 MP: 9/11
  5857 | D:4      | Reached skill level 6 in Unarmed Combat
  6570 | D:5      | Found a sparkling altar of Nemelex Xobeh.
  6778 | D:5      | Found a staircase to the Ecumenical Temple.
  6791 | Temple   | Entered the Ecumenical Temple
  6817 | Temple   | Became a worshipper of Sif Muna the Loreminder
  6869 | D:5      | Reached skill level 5 in Dodging
  6869 | D:5      | Reached skill level 5 in Transmutations
  6869 | D:5      | Reached XP level 8. HP: 34/56 MP: 9/13
  7392 | D:6      | Found a sand-covered staircase.
  7418 | D:6      | Gained mutation: Your system is resistant to poisons.
                  | (rPois) [potion of mutation]
  7418 | D:6      | Gained mutation: You are frail. (-10% HP) [potion of
                  | mutation]
  7421 | D:6      | HP: 2/66 [wight/+4 spear of freezing (5)]
  7426 | D:6      | Slain by a wight

Illustrated notes

Levels and vault maps discovered:
D:1:      lightli_arrival_statuegarden, layout_basic
D:2:      layout_basic, basic_altar, hellmonk_ecumenical_altar_inner_sanctum
D:3:      layout_basic
D:4:      black_bear_nest_1, layout_basic, portal_sewer_entry_b
D:5:      layout_rooms, mainiacjoe_overflow_surrounded_room, temple_pool_b,
          minmay_misc_feat_room, minmay_misc_feat_columns
D:6:      layout_loops_ring, nzn_hepliaklqana_mist_gate,
          nicolae_ossuary_entry_monument
Temple:   nicolae_temple_bog_church

Skill      XL: |  1  2  3  4  5  6  7  8 |
---------------+-------------------------+-----
Dodging        | 3 4 5 |  5.3
Stealth        | 1 2 |  2.1
Unarmed Combat | 4 5 6 |  6.6
Transmutations | 3 5 |  5.5
Spellcasting   | 3 4 |  4.0
Poison Magic   | 1 3 |  3.5
Fighting       | 2 |  2.4

Action                   |  1- 3 |  4- 6 |  7- 9 || total
-------------------------+-------+-------+-------++-------
Melee: Unarmed           |   106 |   216 |    98 ||   420
       Headbutt          |     8 |    23 |     8 ||    39
       Punch             |     3 |     5 |     2 ||    10
       Tailslap          |       |     5 |     4 ||     9
 Cast: Beastly Appendage |    17 |    27 |    10 ||    54
       Spider Form       |       |     3 |     4 ||     7
       Wereblood         |       |     3 |     4 ||     7
Evoke: Wand              |       |       |     5 ||     5
  Use: Scroll            |       |     6 |     3 ||     9
       Potion            |       |     1 |     8 ||     9
 Stab: Sleeping          |     3 |     4 |     1 ||     8
       Invisible         |       |       |     1 ||     1
Armor: Robe              |    21 |    31 |    10 ||    62
       Skin              |       |     1 |    29 ||    30
Dodge: Dodged            |    58 |   189 |   129 ||   376
